 Dungeon Crawl Stone Soup version 0.30-a0-187-gd9c2deaf24 (webtiles) character file.

Game seed: 11087140760841351245

26938 LnG the Unseen (level 13, -2/74 HPs)
             Began as a Kobold Summoner on Oct 3, 2022.
             Was a High Priest of Dithmenos.
             Slain by a skeletal warrior
             ... wielding a +0 halberd
              (9 damage)
             ... while petrified by a basilisk
             ... on level 14 of the Dungeon.
             The game lasted 00:45:45 (16901 turns).

LnG the Unseen (Kobold Summoner)                   Turns: 16901, Time: 00:45:46

Health: -2/74      AC:  5    Str:  7    XL:     13   Next: 62%
Magic:  25/25      EV:  3    Int: 28    God:    Dithmenos [*****.]
Gold:   850        SH:  0    Dex: 19    Spells: 16/29 levels left

rFire   . . .      SeeInvis .    t - +12 dagger of Laisan {pain, rPois rN+ Str+2 Dex+4}
rCold   . . .      Faith    .    (no shield)
rNeg    + + +      Spirit   .    a - +1 robe
rPois   ∞          Reflect  .    I - +1 helmet
rElec   .          Harm     .    (no cloak)
rCorr   .          Rampage  .    (no gloves)
Will    .....                    (no boots) Stlth ****++++++
                                 (no amulet)
HPRegen 0.32/turn                A - +6 ring of intelligence
MPRegen 0.19/turn                y - ring of wizardry

@: petrified, wreathed by umbra
A: small, no large weapons, nightstalker 3
a: Renounce Religion, Shadow Step, Shadow Form


You were on level 14 of the Dungeon.
You worshipped Dithmenos.
Dithmenos was extremely pleased with you.
You visited 2 branches of the dungeon, and saw 15 of its levels.

You collected 1081 gold pieces.
You spent 231 gold pieces at shops.

Inventory:

Hand Weapons
 g - a +1 dagger of flaming
 h - a +4 dagger of protection
 t - the +12 dagger of Laisan (weapon) {pain, rPois rN+ Str+2 Dex+4}
   (You bought it in a shop on level 14 of the Dungeon)

   In the hands of one skilled in necromantic magic, it inflicts extra damage on
   living creatures.
   Str:       It affects your strength (+2).
   Dex:       It affects your dexterity (+4).
   rPois:     It protects you from poison.
   rN:        It protects you from negative energy.
Missiles
 K - 3 throwing nets
Armour
 a - a +1 robe (worn)
 I - a +1 helmet (worn)
Jewellery
 c - a ring of fire
 l - a ring of ice
 n - a +6 ring of strength
 y - a ring of wizardry (right hand)
 A - a +6 ring of intelligence (left hand)
 B - a +6 ring of intelligence
 H - an amulet of guardian spirit
 M - a ring of resist corrosion
 P - an amulet of magic regeneration
Wands
 o - a wand of charming (25)
 x - a wand of flame (22)
 D - a wand of quicksilver (15)
 F - a wand of roots (8)
 N - a wand of polymorph (5)
Scrolls
 e - 2 scrolls of magic mapping
 m - 4 scrolls of fog
 p - a scroll of poison
 q - a scroll of silence
 s - 2 scrolls of brand weapon
 v - 3 scrolls of immolation
 J - a scroll of torment
 L - a scroll of vulnerability
Potions
 b - 2 potions of magic
 d - 7 potions of curing
 f - 3 potions of flight
 i - a potion of haste
 j - a potion of ambrosia {unknown}
 k - a potion of might {unknown}
 r - 2 potions of attraction {unknown}
 w - a potion of lignification {unknown}
 C - 4 potions of brilliance
 E - 3 potions of degeneration {unknown}
 G - a potion of invisibility {unknown}


   Skills:
 + Level 6.2 Fighting
 + Level 9.2 Short Blades
 + Level 7.8 Dodging
 * Level 20.1 Stealth
 + Level 8.7 Spellcasting
 + Level 0.3 Hexes
 + Level 9.8 Summonings
 + Level 3.4 Air Magic


You had 16 spell levels left.
You knew the following spells:

 Your Spells              Type           Power      Damage    Failure   Level
a - Summon Small Mammal   Summ           100%       N/A       1%          1
b - Call Imp              Summ           61%        N/A       1%          2
c - Call Canine Familiar  Summ           61%        N/A       1%          3
d - Summon Guardian Gole  Hex/Summ       40%        N/A       1%          3
e - Summon Lightning Spi  Summ/Air       49%        N/A       1%          4

Your spell library contained the following spells:

 Spells                   Type           Power      Damage    Failure   Level
 Apportation              Tloc           24%        N/A       1%          1
 Necrotise                Necr           48%        1d6       1%          1
 Sandblast                Erth           24%        2d8       1%          1
 Static Discharge         Conj/Air       42%        2-4/arc   1%          2
 Passwall                 Tmut/Erth      10%        N/A       2%          2
 Vhi's Electric Charge    Tloc/Air       42%        N/A       2%          3
 Animate Armour           Summ/Erth      78%        N/A       2%          4
 Hailstorm                Conj/Ice       12%        3d5       6%          3
 Stone Arrow              Conj/Erth      24%        3d8       6%          3
 Cause Fear               Hex            7%         N/A       16%         4
 Leda's Liquefaction      Hex/Erth       6%         N/A       16%         4
 Ice Form                 Ice/Tmut       12%        N/A       17%         4
 Arcjolt                  Conj/Air       10%        1d20      24%         5
 Lightning Bolt           Conj/Air       10%        1d23      24%         5
 Yara's Violent Unravell  Hex/Tmut       6%         3d5       41%         5
 Fireball                 Conj/Fire      6%         3d5       43%         5
 Iskenderun's Battlesphe  Conj           12%        2d7       43%         5
 Lee's Rapid Deconstruct  Erth           6%         3d7*      43%         5
 Conjure Ball Lightning   Conj/Air       10%        3x3d6     77%         6
 Simulacrum               Ice/Necr       6%         N/A       93%         6
 Statue Form              Tmut/Erth      8%         N/A       93%         6
 Dragon Form              Tmut           6%         N/A       100%        7
 Enfeeble                 Hex            7%         N/A       100%        7
 Orb of Destruction       Conj           6%         9d6       100%        7
 Lehudib's Crystal Spear  Conj/Erth      6%         10d3      100%        8
 Maxwell's Capacitive Co  Air            15%        ∞         100%        8
 Dragon's Call            Summ           30%        N/A       100%        9


Dungeon Overview and Level Annotations

Branches:
Dungeon (14/15)            Temple (1/1) D:5            Lair (0/5) D:8
    Orc (0/2) D:11         Vaults (0/5) D:13

Altars:
Ashenzari
Cheibriados
Dithmenos
Elyvilon
Fedhas
Gozag
Hepliaklqana
Kikubaaqudgha
Makhleb
Nemelex Xobeh
Okawaru
Qazlal
Ru
Sif Muna
Trog
Uskayaw
Vehumet
Wu Jian
Xom
Yredelemnul
Zin
The Shining One

Shops:
D:14 (


Innate Abilities, Weirdness & Mutations

You are small and have problems with some larger weapons.
You are completely attuned to the shadows.


Message History

t - the +12 dagger of Laisan (weapon)
{pain, rPois rN+ Str+2 Dex+4}
u - a scroll of teleportation
E - 3 metallic purple potions (gained 1)
o - a wand of charming (25) (gained 5 charges) 2 centaurs come into view.
Found a helmet.
A centaur warrior and a basilisk come into view.
The centaur shouts! x2; The basilisk hisses angrily.
The centaur warrior shouts!
You hear a shout!
The centaur warrior wields a +0 shortbow.
The centaur warrior shoots an arrow.
The arrow hits you!
The centaur wields a +0 shortbow.
The centaur shoots an arrow.
The arrow hits you!
The centaur wields a +0 shortbow.
The centaur shoots an arrow.
The arrow misses you.
A centaur comes into view.
You hear a shout!
As you read the scroll of teleportation, it crumbles to dust.
You feel strangely unstable.
The centaur warrior shoots an arrow.
The arrow hits you.
The centaur shoots an arrow.
The arrow hits you!
The centaur shoots an arrow.
The arrow closely misses you. The basilisk gazes at you.
You are slowing down.
A centaur comes into view.
The centaur wields a +0 shortbow.
The centaur shoots an arrow.
The arrow barely misses you.
The centaur shoots an arrow.
The arrow hits you.
The centaur shoots an arrow.
The arrow hits you!
The centaur shoots an arrow.
The arrow hits you.
Your limbs are stiffening.
Your surroundings suddenly seem different. 3 skeletal warriors come into view.
Found 12 gold pieces and 6 stones.
Found a stone staircase leading down.
You have turned to stone.
The skeletal warrior hits you from afar with a +0 halberd!! x2
* * * LOW HITPOINT WARNING * * *
The skeletal warrior hits you from afar with a +0 halberd!
* * * LOW HITPOINT WARNING * * *
The skeletal warrior completely misses you.
The skeletal warrior hits you from afar with a +0 glaive.
* * * LOW HITPOINT WARNING * * *
The skeletal warrior hits you from afar with a +0 halberd!!
You die... #..#..... #ccccl...

...c.....
c.......[
.........
....###.#
.....>...
..$.z.z..
.........
...z@....
##.......
#........
.........
.....(...


You could see 3 skeletal warriors.

Vanquished Creatures
  Kirke (D:12)
  Harold (D:9)
  An ogre mage (D:13)
  A centaur warrior (D:13)
  2 boulder beetles (D:12)
  A two-headed ogre (D:13)
  A cyclops (D:11)
  Maurice (D:8)
  3 gargoyles
  A kobold demonologist (D:12)
  2 yaktaurs (D:13)
  13 slime creatures
  A shadow (D:11)
  14 yaks
  3 wraiths
  2 hogs (D:12)
  A wyvern (D:10)
  A steam dragon (D:9)
  6 vampire mosquitoes (D:12)
  2 water moccasins
  5 orc warriors
  3 ice beasts
  3 sky beasts
  A black bear (D:8)
  3 ogres
  A boggart (D:13)
  5 centaurs
  4 kobold brigands
  2 necrophages
  5 bullfrogs
  A scorpion (D:5)
  10 wights
  4 killer bees
  3 howler monkeys
  6 orc priests
  4 hounds
  3 jellies (D:7)
  2 iguanas
  Natasha (twice) (D:4)
  7 orc wizards
  4 gnolls (D:7)
  3 adders
  2 shadow imps
  A white imp (D:8)
  2 ufetubi
  3 dart slugs
  34 orcs
  4 ball pythons
  6 endoplasms
  3 giant cockroaches
  5 hobgoblins
  5 quokkas
  9 bats
  2 frilled lizards (D:1)
  7 goblins
  10 kobolds
  5 rats
237 creatures vanquished.

Vanquished Creatures (collateral kills)
  4 two-headed ogres
  An orc knight (D:13)
  Joseph (D:8)
  An unseen horror (D:12)
  A kobold demonologist (D:11)
  Maggie (D:6)
  3 trolls
  6 slime creatures
  Sigmund (D:6)
  8 yaks
  A basilisk (D:13)
  8 orc warriors
  3 ogres
  A centaur (D:9)
  A phantom (D:4)
  A kobold brigand (D:8)
  3 bullfrogs (D:8)
  2 scorpions
  6 killer bees
  3 orc priests
  An iguana (D:5)
  Natasha (D:4)
  2 orc wizards (D:8)
  A gnoll (D:4)
  An adder (D:3)
  54 orcs
  An endoplasm (D:3)
  A goblin (D:1)
  A hobgoblin (D:1)
  12 kobolds
  A rat (D:1)
132 creatures vanquished.

Vanquished Creatures (others)
  3 slime creatures (D:13)
  10 fungi (D:8)
  10 plants (D:8)
23 creatures vanquished.

Grand Total: 392 creatures vanquished

Notes
Turn   | Place    | Note
-------+----------+-------------------------------------------
     0 | D:1      | LnG the Kobold Summoner began the quest for the Orb.
     0 | D:1      | Reached XP level 1. HP: 10/10 MP: 3/3
   216 | D:1      | Reached XP level 2. HP: 15/15 MP: 5/5
   226 | D:1      | Learned a level 2 spell: Call Imp
   295 | D:1      | Reached skill level 3 in Stealth
   296 | D:1      | Found a faded altar of an unknown god.
   422 | D:1      | Reached XP level 3. HP: 19/19 MP: 6/6
   426 | D:1      | Learned a level 3 spell: Call Canine Familiar
  2200 | D:3      | Reached skill level 4 in Stealth
  2219 | D:3      | Reached XP level 4. HP: 15/24 MP: 4/7
  2692 | D:3      | Reached skill level 1 in Short Blades
  2692 | D:3      | Reached skill level 5 in Stealth
  2698 | D:3      | Reached XP level 5. HP: 9/28 MP: 4/8
  3097 | D:4      | Reached skill level 6 in Stealth
  3124 | D:4      | Noticed an ogre
  3179 | D:4      | Killed an ogre
  3180 | D:4      | Reached XP level 6. HP: 30/33 MP: 0/9
  3277 | D:4      | Learned a level 3 spell: Summon Guardian Golem
  3476 | D:4      | Reached skill level 7 in Stealth
  3476 | D:4      | Reached skill level 5 in Summonings
  3476 | D:4      | Reached XP level 7. HP: 32/37 MP: 2/11
  3633 | D:4      | Reached skill level 1 in Fighting
  3727 | D:4      | Noticed Natasha
  3738 | D:4      | Killed Natasha
  3829 | D:4      | Noticed Natasha
  3836 | D:4      | Killed Natasha
  3966 | D:4      | Noticed Natasha
  3976 | D:4      | Killed Natasha
  4260 | D:5      | Entered Level 5 of the Dungeon
  4718 | D:5      | Found a staircase to the Ecumenical Temple.
  4793 | Temple   | Entered the Ecumenical Temple
  5002 | Temple   | Became a worshipper of Dithmenos the Shadowed
  5232 | D:5      | Noticed a water moccasin
  5252 | D:5      | Killed a water moccasin
  5253 | D:5      | Reached XP level 8. HP: 43/43 MP: 10/13
  5771 | D:5      | Reached skill level 8 in Stealth
  5898 | D:6      | Noticed Maggie
  6017 | D:6      | Noticed Sigmund
  6500 | D:6      | Learned a level 4 spell: Summon Lightning Spire
  6540 | D:6      | Identified the +3 leather armour of Isixemegg {*Slow Regen+
                  | Str+4 Dex+3}
  6624 | D:6      | Killed Sigmund
  6665 | D:6      | Killed Maggie
  6666 | D:6      | Reached skill level 9 in Stealth
  6666 | D:6      | Reached XP level 9. HP: 37/48 MP: 1/16
  7055 | D:7      | Found an opulent altar of Gozag.
  7122 | D:7      | Reached skill level 5 in Spellcasting
  7618 | D:7      | Reached skill level 5 in Short Blades
  7620 | D:7      | Reached skill level 5 in Dodging
  7795 | D:7      | Reached skill level 1 in Air Magic
  7803 | D:7      | Reached * piety under Dithmenos
  7872 | D:7      | Reached skill level 10 in Stealth
  8112 | D:7      | Found a radiant altar of Vehumet.
  8421 | D:8      | Reached skill level 11 in Stealth
  8421 | D:8      | Reached XP level 10. HP: 56/56 MP: 18/18
  8421 | D:8      | Noticed Maurice
  8440 | D:8      | Killed Maurice
  8505 | D:8      | Found a blossoming altar of Fedhas.
  8557 | D:8      | Reached skill level 12 in Stealth
  8585 | D:8      | Reached skill level 13 in Stealth
  8605 | D:8      | Noticed Joseph
  8624 | D:8      | Killed Joseph
  8633 | D:8      | Reached ** piety under Dithmenos
  9109 | D:8      | Found a staircase to the Lair.
  9301 | D:8      | Reached XP level 11. HP: 39/61 MP: 12/20
  9456 | D:8      | Reached skill level 14 in Stealth
  9630 | D:8      | Reached *** piety under Dithmenos
 10191 | D:9      | Noticed Harold
 10195 | D:9      | Killed Harold
 10196 | D:9      | Reached skill level 15 in Stealth
 10472 | D:9      | Found a shimmering blue altar of Sif Muna.
 10627 | D:10     | Entered Level 10 of the Dungeon
 10627 | D:10     | Noticed a two-headed ogre
 10650 | D:10     | Found an iron altar of Okawaru.
 11029 | D:10     | Reached **** piety under Dithmenos
 11199 | D:10     | Reached skill level 5 in Fighting
 11370 | D:10     | Killed a two-headed ogre
 11581 | D:10     | Found a white marble altar of Elyvilon.
 11746 | D:10     | Found a burning altar of Makhleb.
 11747 | D:10     | Found a glowing silver altar of Zin.
 11747 | D:10     | Noticed a blizzard demon
 11748 | D:10     | Noticed an angel
 12143 | D:11     | Reached skill level 16 in Stealth
 12143 | D:11     | Reached XP level 12. HP: 68/68 MP: 22/22
 12364 | D:11     | HP: 1/68 [troll (11)]
 12548 | D:11     | Noticed a two-headed ogre
 12551 | D:11     | Noticed a two-headed ogre
 12759 | D:11     | Found a staircase to the Orcish Mines.
 13238 | D:11     | Reached ***** piety under Dithmenos
 13576 | D:11     | Killed a two-headed ogre
 13611 | D:11     | Killed a two-headed ogre
 14004 | D:12     | Reached skill level 17 in Stealth
 14196 | D:12     | Noticed a boulder beetle
 14213 | D:12     | Killed a boulder beetle
 14311 | D:12     | Noticed a boulder beetle
 14364 | D:12     | Killed a boulder beetle
 14601 | D:12     | Reached XP level 13. HP: 74/74 MP: 25/25
 14603 | D:12     | Noticed Kirke
 14606 | D:12     | Reached skill level 18 in Stealth
 14609 | D:12     | Killed Kirke
 15214 | D:13     | Reached skill level 19 in Stealth
 15989 | D:13     | Found a gate to the Vaults.
 16128 | D:13     | Noticed an ogre mage
 16129 | D:13     | Killed an ogre mage
 16152 | D:13     | Reached skill level 20 in Stealth
 16332 | D:13     | Noticed a centaur warrior
 16387 | D:13     | Killed a centaur warrior
 16395 | D:13     | HP: 2/74 [large slime creature (32)]
 16814 | D:14     | Found Fotuc's Antique Weapon Boutique.
 16819 | D:14     | Bought a warped dagger for 231 gold pieces
 16819 | D:14     | Identified the +12 dagger of Laisan {pain, rPois rN+ Str+2
                  | Dex+4} (You bought it in a shop on level 14 of the Dungeon)
 16892 | D:14     | Noticed a centaur warrior
 16901 | D:14     | Slain by a skeletal warrior

Illustrated notes

Levels and vault maps discovered:
D:1:      minmay_arrival_stair_chambers, layout_loops_cross,
          dreamdust_ecumenical_altar_hidden_monk_grotto
D:2:      layout_loops_corners
D:3:      layout_loops_corners
D:4:      layout_gridville, minmay_fractal_squares_5, uniq_natasha
D:5:      layout_cave_pods, minmay_temple_entry_slanted
D:6:      layout_loops_ring, uniq_maggie, uniq_sigmund
D:7:      layout_basic, nicolae_gozag_cash_rules_everything_around_me,
          overflow_temple_1_default, st_stairs_5, kennysheep_windowed_goal
D:8:      layout_rooms, fedhas_altar_2, grunt_lair_entry_orc_guard_hut,
          special_room [special_room_orc], lightli_minifort, uniq_joseph,
          uniq_maurice
D:9:      layout_cave_pools, kennysheep_mini_moat, uniq_harold
D:10:     layout_roguey [special_room_orc],
          grunt_temple_overflow_order_and_chaos_2, lemuel_doored_altar,
          okawaru_metal_pillars_1_2
D:11:     layout_big_octagon, hiddenorc1_lemuel, kennysheep_small_square
D:12:     layout_rooms, serial_co_window_serial, co_window_paths_a,
          co_window_of_opportunity_a, co_window_paths_b,
          co_window_of_opportunity_a, co_window_corner_a,
          co_window_unsneaky_path_c, co_window_of_opportunity_b,
          co_window_of_opportunity_c, co_window_paths_c, co_window_4corner_b,
          co_window_4corner_a, glass_columns_b, glass_columns_b, uniq_kirke
D:13:     layout_stronghold, hangedman_vaults_entry_quadrant_bands,
          gauntlet_entry_generic, lemuel_flamethrower_hall
D:14:     layout_cave_pools, serial_shops, nicolae_shop_crystal, shop,
          nicolae_shop_crystal, chequers_serial_rivers_large_b
Temple:   eino_narrow_crystal_temple

Skill      XL: |  1  2  3  4  5  6  7  8  9 10 11 12 13 |
---------------+----------------------------------------+-----
Stealth        | 3 4 5 6 7 9 11 13 16 17 20 | 20.1
Short Blades   | 1 2 3 4 5 7 8 9 |  9.2
Dodging        | 3 4 5 6 7 |  7.8
Spellcasting   | 3 4 5 6 7 8 |  8.7
Summonings     | 5 6 7 8 9 |  9.8
Fighting       | 1 2 3 4 5 6 |  6.2
Air Magic      | 1 2 3 |  3.4
Hexes          | |  0.3

Action                   |  1- 3 |  4- 6 |  7- 9 | 10-12 | 13-15 || total
-------------------------+-------+-------+-------+-------+-------++-------
Melee: Short sword       |    18 |       |       |       |       ||    18
       Dagger            |    58 |    68 |   263 |   497 |   125 ||  1011
       Punch             |       |       |     5 |     4 |     3 ||    12
 Cast: Summon Small Mamm |     4 |     1 |     1 |     1 |       ||     7
       Call Canine Famil |     1 |     7 |    19 |    36 |     5 ||    68
       Call Imp          |       |     3 |    11 |     3 |     3 ||    20
       Summon Guardian G |       |       |     3 |       |       ||     3
       Summon Lightning  |       |       |     2 |    28 |     9 ||    39
  Use: Potion            |       |     2 |     3 |     3 |     1 ||     9
       Scroll            |       |     5 |     4 |    11 |     5 ||    25
 Stab: Sleeping          |    21 |     8 |    19 |    50 |    23 ||   121
       Distracted        |       |     1 |     6 |    12 |       ||    19
       Betrayed ally     |       |       |       |     1 |       ||     1
Armor: Robe              |    18 |    22 |    38 |    71 |     4 ||   153
Dodge: Dodged            |    43 |    45 |   181 |   357 |    57 ||   683

Table legend: (Time is in decaauts)
 A = Elapsed time spent in this place.
 B = Non-inter-level travel time spent in this place.
 C = Inter-level travel time spent in this place.
 D = Time resting spent in this place.
 E = Time spent auto-exploring this place.
 F = Levels seen in this place.
 G = Mean time per level.
                   A        B        C        D        E       F      G
               +--------+--------+--------+--------+--------+-----+--------+
         Total |  16623 |  15584 |   1039 |   2227 |  10324 |  15 | 1108.2 |
       Dungeon |  16397 |  15410 |    987 |   2227 |  10161 |  14 | 1171.2 |
        Temple |    226 |    174 |     52 |      0 |    163 |   1 |  226.0 |
               +--------+--------+--------+--------+--------+-----+--------+

Top non-repeatable levels by time:
    D:13: 1550 daAuts
    D:12: 1464 daAuts
     D:5: 1416 daAuts
     D:7: 1416 daAuts
    D:10: 1335 daAuts
     D:3: 1317 daAuts
    D:11: 1293 daAuts
     D:6: 1241 daAuts
     D:8: 1193 daAuts
     D:9: 1128 daAuts
     D:4: 1076 daAuts
     D:2: 946 daAuts
     D:1: 912 daAuts
  Temple: 226 daAuts
    D:14: 104 daAuts
